 Dungeon Crawl Stone Soup version 0.22-a0-858-g985ef60 (webtiles) character file.

34 Amnesiac the Vexing (level 3, -4/24 HPs)
             Began as a Mummy Enchanter on July 27, 2018.
             Splashed by Ijyb's acid (13 damage)
             ... on level 3 of the Dungeon.
             The game lasted 00:04:47 (906 turns).

Amnesiac the Vexing (Mummy Enchanter)                Turns: 906, Time: 00:04:47

Health: -4/24      AC: -2    Str: 11    XL:     3   Next: 14%
Magic:  1/7        EV: 12    Int: 15    God:
Gold:   11         SH:  0    Dex: 12    Spells: 1/8 levels left

rFire    x . .     SeeInvis .   a - +0 dagger (freeze)
rCold    + . .     Gourm    .   (no shield)
rNeg     + + +     Faith    .   b - +0 robe
rPois    ∞         Spirit   .   (no helmet)
rElec    .         Reflect  .   (no cloak)
rCorr    .         Harm     .   (no gloves)
MR       .....                  (no boots)
Stlth    ++........             (no amulet)
HPRegen  0.08/turn              (no ring)
MPRegen  0.10/turn              (no ring)

@: corroded, very slightly contaminated
A: no food or potions, fire vulnerability, cold resistance 1, negative energy
resistance 3, torment resistance, unbreathing
a: no special abilities


You were on level 3 of the Dungeon.
You were not hungry.

You visited 1 branch of the dungeon, and saw 3 of its levels.

You collected 11 gold pieces.

Inventory:

Hand Weapons
 a - a +0 dagger of freezing (weapon)
Missiles
 d - 3 tomahawks of returning (quivered)
Armour
 b - a +0 robe (worn)
Scrolls
 c - a scroll of enchant armour {!r, unknown}


   Skills:
 - Level 1.0 Short Blades
 - Level 1.5 Dodging
 + Level 2.6 Stealth
 + Level 3.2 Spellcasting
 * Level 3.3 Hexes


You had one spell level left.
You knew the following spells:

 Your Spells              Type           Power        Failure   Level  Hunger
a - Corona                Hex            ##.....      4%          1    N/A
e - Confuse               Hex            ##......     14%         3    N/A
w - Tukima's Dance        Hex            ##......     14%         3    N/A

Your spell library contained the following spells:

 Spells                   Type           Power        Failure   Level  Hunger
 Ensorcelled Hibernation  Hex/Ice        #.....       16%         2    N/A
 Dazzling Spray           Conj/Hex       #.....       30%         3    N/A

Dungeon Overview and Level Annotations

Branches:
Dungeon (3/15)

Altars:

Annotations:
D:3 Ijyb


Innate Abilities, Weirdness & Mutations

You do not eat or drink.
Your flesh is vulnerable to fire.
You are immune to poison.
Your flesh is cold resistant. (rC+)
You are immune to negative energy. (rN+++)
You are immune to unholy pain and torment.
You can survive without breathing.


Message History

Confirm with . or Enter, or press ? or * to list all spells.
Aiming: Corona (safe; 4% risk of failure)
Press: ? - help, Shift-Dir - straight line, f - kobold
Aim: a kobold, wielding a short sword (hasn't noticed you, chance to defeat MR: 66%)
The kobold barely resists.
The kobold throws a stone.
The stone closely misses you.
Unknown command.
You start resting.
The kobold is too close now for your liking.
Casting: Corona (safe; 4% risk of failure)
Confirm with . or Enter, or press ? or * to list all spells.
Aiming: Corona (safe; 4% risk of failure)
Press: ? - help, Shift-Dir - straight line, f/p - kobold
Aim: a kobold, wielding a short sword (chance to defeat MR: 66%)
The kobold barely resists.
The kobold throws a stone.
The stone hits you but does no damage.
Casting: Corona (safe; 4% risk of failure)
Confirm with . or Enter, or press ? or * to list all spells.
Aiming: Corona (safe; 4% risk of failure)
Press: ? - help, Shift-Dir - straight line, f/p - kobold
Aim: a kobold, wielding a short sword (chance to defeat MR: 66%)
The kobold is outlined in light.
The kobold throws a stone.
The stone barely misses you.
Unknown command.
The kobold misses you.
You hit the kobold but do no damage. The kobold hits you with a short sword.
You hit the kobold but do no damage. The kobold closely misses you.
You hit the kobold. You freeze the kobold.
You kill the kobold!
Things that are here:
a short sword; a stone; a kobold corpse You start resting.
Magic restored.
You start resting.
Ijyb the Twisted Goblin comes into view.
She is wielding a club.
Casting: Corona (safe; 4% risk of failure)
Confirm with . or Enter, or press ? or * to list all spells.
Aiming: Tukima's Dance (safe; 14% risk of failure)
Press: ? - help, Shift-Dir - straight line, f - Ijyb
Aim: Ijyb, wielding a club and wearing a chain mail (hasn't noticed you, chance to defeat MR: 57%)
Okay, then.
Ijyb shouts!
There is a stone staircase leading up here.
Casting: Tukima's Dance (safe; 14% risk of failure)
Confirm with . or Enter, or press ? or * to list all spells.
Aiming: Confuse (safe; 14% risk of failure)
Press: ? - help, Shift-Dir - straight line, f - Ijyb
Aim: Ijyb, wielding a club and wearing a chain mail (chance to defeat MR: 51%)
You miscast Confuse.
You are very lightly contaminated with residual magic.
You feel a bit tired.
Unknown command.
Casting: Confuse (safe; 14% risk of failure)
Confirm with . or Enter, or press ? or * to list all spells.
Aiming: Confuse (safe; 14% risk of failure)
Press: ? - help, Shift-Dir - straight line, f/p - Ijyb
Aim: Ijyb, wielding a club and wearing a chain mail (chance to defeat MR: 51%) Ijyb resists with significant effort.
Ijyb zaps a wand.
The bolt of acid hits you!
Ouch! That really hurt!
* * * LOW HITPOINT WARNING * * *
The acid corrodes you!
You are splashed with acid!
The acid burns!
Ouch! That really hurt!
You die...

# #. ####.########
#...........#
#........##)#
#........@#.#
#.........#)# .#
#.........#.# .#
#########.#.# ..#
#g#[# ..# #.#.#
#..# #.#.# ... .
#.#)#########.#...
#[....g...).......


You could see Ijyb.

Vanquished Creatures
  3 dart slugs (D:1)
  A leopard gecko (D:1)
  4 orcs (D:3)
  A ball python (D:1)
  2 goblins
  A kobold (D:3)
  A quokka (D:3)
  5 bats (D:1)
  A frilled lizard (D:1)
  3 rats
22 creatures vanquished.

Notes
Turn   | Place    | Note
-------+----------+-------------------------------------------
     0 | D:1      | Amnesiac the Mummy Enchanter began the quest for the Orb.
     0 | D:1      | Reached XP level 1. HP: 13/13 MP: 4/4
    73 | D:1      | Reached skill level 1 in Short Blades
    77 | D:1      | Reached XP level 2. HP: 10/19 MP: 2/5
   581 | D:3      | Reached XP level 3. HP: 8/24 MP: 3/7
   586 | D:3      | Learned a level 3 spell: Confuse
   590 | D:3      | Learned a level 3 spell: Tukima's Dance
   888 | D:3      | Noticed Ijyb
   906 | D:3      | Splashed by Ijyb's acid

Vault maps used:
D:1:      sevenhm_arrival_forest_fort_small_4, minmay_misc_feat_tower
D:2:      lemuel_doored_altar, minmay_heptomino_w4, uniq_jessica, uniq_terence
D:3:      uniq_ijyb

Skill      XL: |  1  2 |
---------------+-------+-----
Short Blades   | 1 |  1.0
Hexes          | 3 |  3.3
Spellcasting   | 3 |  3.2
Dodging        | |  1.5
Stealth        | |  2.6

Action                   || total
-------------------------++-------
Melee: Dagger            ||    73
Throw: Tomahawk          ||     3
 Cast: Corona            ||    28
       Confuse           ||     1
 Stab: Sleeping          ||     3
Armor: Robe              ||    13
Dodge: Dodged            ||    55

Table legend:
 A = Spawn XP
 B = Non-spawn XP
 C = Spawn XP percentage of total XP
 D = Spawn monster count
 E = Non-spawn monster count
 F = Spawn count percentage of total count
 G = Total turns spent on level
                    A         B        C        D         E        F      G
               +---------+---------+-------+---------+---------+-------+---------
         Total |       0 |      49 |   0.0 |       0 |      22 |   0.0 |   906
               +---------+---------+-------+---------+---------+-------+---------
           D:1 |       0 |      30 |   0.0 |       0 |      14 |   0.0 |   477
           D:3 |       0 |      19 |   0.0 |       0 |       8 |   0.0 |   415
               +---------+---------+-------+---------+---------+-------+---------
